 Dungeon Crawl Stone Soup version 0.27-a0-1181-g5f64966fcc (webtiles) character file.

Game seed: 12800697887185472281

82 ZappyNine the Covered (level 4, -1/37 HPs)
             Began as a Formicid Fighter on May 17, 2021.
             Killed from afar by Natasha (3 damage)
             ... with a magic dart
             ... on level 2 of the Dungeon.
             The game lasted 00:01:48 (2160 turns).

ZappyNine the Covered (Formicid Fighter)            Turns: 2160, Time: 00:01:48

Health: -1/37      AC:  8    Str: 22    XL:     4   Next: 70%
Magic:  4/4        EV:  8    Int:  7    God:
Gold:   84         SH:  9    Dex: 10    Spells: 3/3 levels left

rFire    . . .     SeeInvis +   f - +2 whip (freeze)
rCold    . . .     Faith    .   c - +0 kite shield
rNeg     . . .     Spirit   .   b - +0 scale mail
rPois    .         Reflect  .   (helmet unavailable)
rElec    .         Harm     .   g - +0 cloak
rCorr    .         Rampage  .   (no gloves)
Will     .....                  (no boots)
Stlth    ..........             (no amulet)
HPRegen  0.12/turn              (no ring)
MPRegen  0.09/turn              (no ring)

@: no status effects
A: permanent stasis, dig shafts and tunnels, antennae 3, four strong arms
a: Dig, Shaft Self


You were on level 2 of the Dungeon.
You visited 1 branch of the dungeon, and saw 2 of its levels.

You collected 84 gold pieces.

Inventory:

Hand Weapons
 a - a +0 flail
 f - a +2 whip of freezing (weapon)
Armour
 b - a +0 scale mail (worn)
 c - a +0 kite shield (worn)
 g - a +0 cloak (worn)
Jewellery
 d - a ring of willpower
 h - an amulet of the acrobat
Scrolls
 e - a scroll of fear {unknown}
 i - a scroll of enchant armour {unknown}
 j - 2 scrolls of identify {unknown}
 k - a scroll of torment {unknown}
 l - a scroll of teleportation {unknown}


   Skills:
 + Level 3.7 Fighting
 * Level 2.8 Maces & Flails
 * Level 4.3 Armour
 + Level 4.2 Shields


You had 3 spell levels left.
You didn't know any spells.
Your spell library was empty.

Dungeon Overview and Level Annotations

Branches:
Dungeon (2/15)

Altars:
Yredelemnul

Annotations:
D:2 Natasha


Innate Abilities, Weirdness & Mutations

You cannot be hasted, slowed, berserked, paralysed or teleported.
You can dig through walls and to a lower floor.
You have a pair of large antennae on your head. (SInv)
Your four strong arms can wield two-handed weapons with a shield.


Message History

Natasha is severely wounded.
The shadow imp hits you but does no damage.
The crimson imp hits you but does no damage.
Natasha claws you.
You closely miss Natasha.
Natasha is severely wounded.
The shadow imp gestures at you. Pain shoots through your body!
The crimson imp barely misses you. Natasha claws you.
You are too injured to fight recklessly!
Unknown command.
The crimson imp picks up a beetle and eats it.
You block the crimson imp's attack. The shadow imp barely misses you.
The shadow imp shouts, "Run away, thou foisting toenail-biting pimple!"
You extend your mandibles.
You dig through the rock wall.
Natasha claws you.
* * * LOW HITPOINT WARNING * * *
You dig through the rock wall.
You dig through the rock wall.
Natasha stares at you and mumbles some strange words.
You resist with some effort.
You dig through the rock wall.
Natasha casts a spell.
You dig through the rock wall.
You retract your mandibles.
You block Natasha's attack.
You barely miss Natasha.
Natasha is severely wounded.
Natasha claws you.
* * * LOW HITPOINT WARNING * * *
Unknown command.
You closely miss Natasha.
Natasha is severely wounded.
Natasha claws you.
* * * LOW HITPOINT WARNING * * *
Unknown command.
Natasha wildly gestures.
You feel troubled. Natasha casts a spell at you. The magic dart hits you.
You die...

#.#######...........##.#..
#.........#.#.#####.#.....
#.##############.#.#####.#.....
.........## #.#.......#.....
#.....# #.#########.<...
#.....# ##.## #.##.. #..>.{##
#...# #.####
##...#5####...########.####
##.###5h.@<........#...... #.#
#####...#####.#...##.
#.###..[........#.#.#.##.
#........................
#.#.#...........#.#.####.
#.#.###.#....####.#.....(
..#.....#.))......######.
#######..#..).###### #)
#.......>...# #.


You could see Natasha, a crimson imp (summoned) and a shadow imp (summoned).

Vanquished Creatures
  An adder (D:2)
  A worm (D:2)
  4 dart slugs
  6 ball pythons
  3 bats
  3 endoplasms
  5 giant cockroaches
  6 goblins
  5 hobgoblins
  8 jackals (D:1)
  2 quokkas
  7 kobolds
  5 rats (D:1)
56 creatures vanquished.

Notes
Turn   | Place    | Note
-------+----------+-------------------------------------------
     0 | D:1      | ZappyNine the Formicid Fighter began the quest for the Orb.
     0 | D:1      | Reached XP level 1. HP: 18/18 MP: 1/1
   128 | D:1      | Reached XP level 2. HP: 10/24 MP: 2/2
   323 | D:1      | Reached XP level 3. HP: 29/29 MP: 3/3
  1151 | D:2      | Reached XP level 4. HP: 37/37 MP: 4/4
  1996 | D:2      | Found a faded altar of an unknown god.
  2048 | D:2      | Found a basalt altar of Yredelemnul.
  2140 | D:2      | Noticed Natasha
  2160 | D:2      | Killed from afar by Natasha

Illustrated notes

Levels and vault maps discovered:
D:1:      wheals_arrival_shading, layout_loops_ring,
          chequers_serial_rivers_micro_d, minmay_tetromino_l4
D:2:      layout_loops_cross, basic_altar,
          hellmonk_ecumenical_altar_prayer_group, uniq_natasha

Skill      XL: |  1  2  3 |
---------------+----------+-----
Shields        | 4 |  4.2
Armour         | 4 |  4.3
Fighting       | |  3.7
Maces & Flails | |  2.8

Action                   |  1- 3 |  4- 6 || total
-------------------------+-------+-------++-------
Melee: Flail             |    78 |       ||    78
       Whip              |    13 |    73 ||    86
 Abil: Dig               |     1 |     1 ||     2
  Use: Potion            |     1 |       ||     1
Armor: Scale mail        |    35 |    35 ||    70
Dodge: Dodged            |    29 |    28 ||    57
Block: Kite shield       |    59 |    51 ||   110

Table legend: (Time is in decaauts)
 A = Elapsed time spent in this place.
 B = Non-inter-level travel time spent in this place.
 C = Inter-level travel time spent in this place.
 D = Time resting spent in this place.
 E = Time spent auto-exploring this place.
 F = Levels seen in this place.
 G = Mean time per level.
                   A        B        C        D        E       F      G
               +--------+--------+--------+--------+--------+-----+--------+
         Total |   2207 |   2163 |     44 |     21 |   1766 |   2 | 1103.5 |
       Dungeon |   2207 |   2163 |     44 |     21 |   1766 |   2 | 1103.5 |
               +--------+--------+--------+--------+--------+-----+--------+

Top non-repeatable levels by time:
     D:1: 1183 daAuts
     D:2: 1024 daAuts
